 Dungeon Crawl Stone Soup version 0.22-a0-824-g1ca9aab89c (webtiles) character file.

6 Holzbalken the Caller (level 1, 0/10 HPs)
             Began as a Tengu Summoner on July 24, 2018.
             Slain by a hobgoblin (4 damage)
             ... on level 1 of the Dungeon.
             The game lasted 00:01:36 (281 turns).

Holzbalken the Caller (Tengu Summoner)               Turns: 281, Time: 00:01:37

Health: 0/10       AC:  2    Str:  8    XL:     1   Next: 90%
Magic:  0/4        EV: 12    Int: 15    God:
Gold:   36         SH:  0    Dex: 14    Spells: 3/4 levels left

rFire    . . .     SeeInvis .   d - +0 dagger
rCold    . . .     Gourm    .   (no shield)
rNeg     . . .     Faith    .   a - +0 robe
rPois    .         Spirit   .   (helmet restricted)
rElec    .         Reflect  .   (no cloak)
rCorr    .         Harm     .   (no gloves)
MR       .....                  (boots unavailable)
Stlth    ++........             (no amulet)
HPRegen  0.03/turn              (no ring)
MPRegen  0.09/turn              (no ring)

@: no status effects
A: beak, talons 3
a: no special abilities


You were on level 1 of the Dungeon.
You were not hungry.

You visited 1 branch of the dungeon, and saw 1 of its levels.

You collected 36 gold pieces.

Inventory:

Hand Weapons
 d - a +0 dagger (weapon)
Armour
 a - a +0 robe (worn)
Comestibles
 b - 5 chunks of flesh
 c - a ration


   Skills:
 + Level 0.4 Armour
 - Level 2.1 Dodging
 - Level 2.0 Stealth
 * Level 2.2 Spellcasting
 * Level 5.0 Summonings


You had 3 spell levels left.
You knew the following spells:

 Your Spells              Type           Power        Failure   Level  Hunger
a - Summon Small Mammal   Summ           ###.         2%          1    #......

Your spell library contained the following spells:

 Spells                   Type           Power        Failure   Level  Hunger
 Summon Ice Beast         Ice/Summ       #.......     61%         4    #####..
 Call Imp                 Summ           ###.....     4%          2    ###....
 Call Canine Familiar     Summ           ###.....     9%          3    ###....
 Summon Lightning Spire   Summ/Air       #.......     61%         4    #####..
 Summon Guardian Golem    Hex/Summ       #.......     24%         3    ###....


Dungeon Overview and Level Annotations

Branches:
Dungeon (1/15)

Altars:


Innate Abilities, Weirdness & Mutations

You have a beak for a mouth.
You have claws for feet.


Message History

Your bat barely misses the kobold.
You hit the goblin. You peck the goblin, but do no damage.
The goblin is heavily wounded.
Your quokka misses the goblin. The goblin barely misses you.
The kobold barely misses your quokka.
Your bat barely misses the kobold.
You closely miss the goblin. Your kick misses the goblin.
The goblin is heavily wounded.
Your bat hits the kobold.
Your quokka closely misses the kobold.
The goblin closely misses you.
A goblin comes into view.
The kobold hits your quokka with a whip.
Your quokka bites the goblin.
The goblin dies!
Your Summonings skill increases to level 5!
Your bat closely misses the kobold.
Your bat misses the kobold. The kobold closely misses your quokka.
You barely miss the hobgoblin.
Your bat closely misses the kobold.
Your bat hits the kobold but does no damage.
The hobgoblin hits you.
You die...

#........# ...
#........# #..
#........###.. #
####......##.#.#
#......##.#.#
#......##...
####.......#.##
.......).....r#
.............@#
.............brg.#
........###...#K.#
........#
#...#b... .......
#...#..... .......
####....g...
....... ........
....... ###


You could see a hobgoblin, a goblin, a kobold, 2 friendly quokkas and 2 friendly
bats.

Vanquished Creatures
  A bat (D:1)
  A goblin (D:1)
  A hobgoblin (D:1)
3 creatures vanquished.

Vanquished Creatures (collateral kills)
  A goblin (D:1)
  A frilled lizard (D:1)
2 creatures vanquished.

Grand Total: 5 creatures vanquished

Notes
Turn   | Place    | Note
-------+----------+-------------------------------------------
     0 | D:1      | Holzbalken the Tengu Summoner began the quest for the Orb.
     0 | D:1      | Reached XP level 1. HP: 10/10 MP: 4/4
   279 | D:1      | Reached skill level 5 in Summonings
   281 | D:1      | Slain by a hobgoblin

Vault maps used:
D:1:      dpeg_arrival_renting

Skill      XL: |  1 |
---------------+----+-----
Summonings     | 5 |  5.0
Armour         | |  0.4
Dodging        | |  2.1
Stealth        | |  2.0
Spellcasting   | |  2.2

Action                   || total
-------------------------++-------
Melee: Dagger            ||     6
       Unarmed           ||     2
       Kick              ||     2
       Peck              ||     2
 Cast: Summon Small Mamm ||     7
 Stab: Sleeping          ||     1
Dodge: Dodged            ||     2

Table legend:
 A = Spawn XP
 B = Non-spawn XP
 C = Spawn XP percentage of total XP
 D = Spawn monster count
 E = Non-spawn monster count
 F = Spawn count percentage of total count
 G = Total turns spent on level
                    A         B        C        D         E        F      G
               +---------+---------+-------+---------+---------+-------+---------
         Total |       0 |       9 |   0.0 |       0 |       5 |   0.0 |   281
               +---------+---------+-------+---------+---------+-------+---------
           D:1 |       0 |       9 |   0.0 |       0 |       5 |   0.0 |   281
               +---------+---------+-------+---------+---------+-------+---------
